 Dungeon Crawl Stone Soup version 0.31.0-32-g396128a36d (webtiles) character file.

Game seed: 7092359026901059250

38653 DemonSlayer the Covert (level 13, -4/94 HPs)
             Began as a Demonspawn Earth Elementalist on Mar 10, 2024.
             Was an Elder of Dithmenos.
             Slain by a komodo dragon (10 damage)
             ... while petrified by a basilisk
             ... on level 5 of the Lair of Beasts.
             The game lasted 00:43:22 (16974 turns).

DemonSlayer the Covert (DsEE)                      Turns: 16974, Time: 00:43:22

Health: -4/94      AC: 13    Str:  8    XL:     13   Next: 65%
Magic:  4/28       EV:  2    Int: 17    God:    Dithmenos [****..]
Gold:   426        SH:  0    Dex: 18    Spells: 14/35 levels left

rFire   + . .        y - +2 Maxwell's thermic engine {flame, freeze, rev}
rCold   + . .        (no shield)
rNeg    + + +        A - +1 steam dragon scales
rPois   ∞            r - +0 helmet
rElec   +            f - +2 cloak
rCorr   +            (no gloves)
SInv    .            (no boots)
Will    .....        (no amulet)
Stlth   ++++++++     e - +5 ring of evasion
HPRegen 0.35/turn    i - +5 ring of evasion
MPRegen 0.21/turn

%: no passive effects
@: resistant, petrified, wreathed by umbra
A: claws 2, rugged brown scales 3, ignite blood 1, demonic magic 1
a: Renounce Religion, Shadow Step


You were on level 5 of the Lair of Beasts.
You worshipped Dithmenos.
Dithmenos was greatly pleased with you.
You visited 2 branches of the dungeon, and saw 15 of its levels.
You visited the Abyss 1 time.

You collected 890 gold pieces.
You spent 464 gold pieces at shops.

Inventory:

Hand Weapons
 y - the +2 Maxwell's thermic engine (weapon) {flame, freeze, rev}
   (You found it on level 2 of the Lair of Beasts)
 C - a +4 dagger of electrocution
Missiles
 p - 3 throwing nets
Armour
 f - a +2 cloak (worn)
 r - a +0 helmet (worn)
 A - +1 steam dragon scales (worn)
Magical Staves
 B - the staff "Leviticus" {rC- Str+6 Conj Fire}
   (You found it on level 2 of the Lair of Beasts)

   [staff of conjuration]

   Base accuracy: +5 Base damage: 5 Base attack delay: 1.2 This weapon's minimum
   attack delay (0.6) is reached at skill level 12.
   Str+6:     It affects your strength (+6).
   rC-:       It makes you vulnerable to cold.
   Conj:      It increases the power of your Conjurations spells.
   Fire:      It increases the power of your Fire spells.
   It falls into the 'Staves' category.
   It is a one-handed weapon.
Jewellery
 e - a +5 ring of evasion (left claw)
 i - a +5 ring of evasion (right claw)
Wands
 l - a wand of iceblast (4)
 x - a wand of paralysis (4)
Scrolls
 a - a scroll of vulnerability
 b - a scroll of brand weapon
 c - 3 scrolls of enchant armour
 d - 3 scrolls of identify
 h - 5 scrolls of immolation
 j - 3 scrolls of amnesia
 o - 4 scrolls of fear
 t - 5 scrolls of teleportation
 v - a scroll of revelation
 E - a scroll of acquirement {unknown}
Potions
 k - 4 potions of enlightenment
 m - 2 potions of attraction {unknown}
 n - a potion of invisibility {unknown}
 q - a potion of might {unknown}
 s - 2 potions of heal wounds {unknown}
 u - 2 potions of haste {unknown}
 w - 5 potions of curing
 z - 2 potions of ambrosia {unknown}
 D - a potion of berserk rage {unknown}
Miscellaneous
 F - a phial of floods


   Skills:
 + Level 4.2 Fighting
 + Level 3.0(5.4) Short Blades
 + Level 7.0(7.4) Long Blades
 + Level 5.6 Dodging
 + Level 11.5 Stealth
 + Level 11.5 Spellcasting
 + Level 7.5 Conjurations
 + Level 10.5 Earth Magic
 + Level 0.6 Evocations


You had 14 spell levels left.
You knew the following spells:

 Your Spells              Type           Power      Damage    Failure   Level
a - Sandblast             Erth           90%        2d19      1%          1
b - Stone Arrow           Conj/Erth      80%        3d12      1%          3
c - Petrify               Alch/Erth      27%        N/A       9%          4
d - Passwall              Erth           45%        N/A       1%          3
e - Brom's Barrelling Bo  Conj/Erth      40%        2d6       1%          4
f - Mephitic Cloud        Conj/Alch/Air  18%        N/A       8%          3
g - Swiftness             Air            9%         N/A       22%         3

Your spell library contained the following spells:

 Spells                   Type           Power      Damage    Failure   Level
 Shock                    Conj/Air       88%        1d8       1%          1
 Sting                    Conj/Alch      88%        1d8       1%          1
 Apportation              Tloc           18%        N/A       8%          1
 Necrotise                Necr           36%        1d5       8%          1
 Summon Small Mammal      Summ           36%        N/A       8%          1
 Call Imp                 Summ           18%        N/A       11%         2
 Mercury Vapours          Alch/Air       18%        N/A       11%         2
 Sublimation of Blood     Necr           9%         N/A       11%         2
 Fugue of the Fallen      Necr           9%         N/A       22%         3
 Ozocubu's Armour         Ice            9%         N/A       22%         3
 Tukima's Dance           Hex            9%         N/A       22%         3
 Irradiate                Conj/Alch      11%        3d15      41%         5
 Airstrike                Air            4%         2d(1-17)  58%         4
 Manifold Assault         Tloc           9%         N/A       58%         4
 Olgreb's Toxic Radiance  Alch           9%         N/A       58%         4
 Passage of Golubria      Tloc           9%         N/A       58%         4
 Freezing Cloud           Conj/Ice/Air   9%         6-21      58%         5
 Yara's Violent Unravell  Hex/Alch       4%         3d4       90%         5
 Ozocubu's Refrigeration  Ice            4%         4d8       100%        7
 Summon Hydra             Summ           4%         N/A       100%        7
 Discord                  Hex            4%         N/A       100%        8


Dungeon Overview and Level Annotations

Branches:
Dungeon (10/15)            Temple (0/1) D:7            Lair (5/5) D:8
  Swamp (0/4) Lair:2        Snake (0/4) Lair:2        Slime (0/5) Lair:5
    Orc: D:9-12

Altars:
Dithmenos
Hepliaklqana
Nemelex Xobeh
Trog
Uskayaw

Shops:
D:1 =   D:6 (   D:7 !   D:10 ::*((*

Annotations:
D:2 1 runed translucent door, Crazy Yiuf
Lair:1 1 runed translucent door, Crambunxious's ghost, journeyman DrBe
Lair:5 Urug


Innate Abilities, Weirdness & Mutations

You have very sharp fingernails.
You are completely covered in rugged brown scales. (AC +3, +7% HP)
Your demonic aura sometimes causes spilled blood to erupt in flames.
Spells you cast may paralyse adjacent enemies.


Message History

The basilisk bites you.
A komodo dragon comes into view.
The basilisk gazes at you.
You easily resist.
The basilisk gazes at you.
You are slowing down.
Unknown command.
Unknown command.
Unknown command.
Unknown command.
Unknown command.
You barely miss the cane toad.
The cane toad is almost dead.
The komodo dragon misses you. The basilisk gazes at you.
Your limbs have turned to stone.
You have turned to stone.
The komodo dragon bites you!!
The komodo dragon bites you but does no damage.
The basilisk gazes at you.
You easily resist.
The cane toad is no longer moving slowly.
A dream sheep comes into view.
The komodo dragon bites you. The basilisk gazes at you.
The cane toad seems to regain its courage.
The komodo dragon bites you!!
* * * LOW HITPOINT WARNING * * *
The basilisk gazes at you. The komodo dragon bites you!
* * * LOW HITPOINT WARNING * * *
The basilisk bites you but does no damage.
The komodo dragon bites you!
* * * LOW HITPOINT WARNING * * *
The basilisk bites you!
* * * LOW HITPOINT WARNING * * *
Urug the Orcish Ballista comes into view.
She is wielding a +2 double sword.
The cane toad stings you.
* * * LOW HITPOINT WARNING * * *
The komodo dragon bites you!!
You die...

P...........#
###...#.
#..........##
#.....#
...........#
#....###
#.........##
.....P.##
..........#
.........
.........##
###........
.....#####
#....<..... #.(..#
##..lF...... #...P#
#...@.P..... ##..##
###.Yl....... ##.#
###.#...#...... ..#
##.............. ..
#........##.....
..P.o........#.....
..Y.........## ...#
....##.....## #P.#
..P ......#


You could see Urug, a komodo dragon, a cane toad, a basilisk and a dream sheep.

Vanquished Creatures
  3 hydras
  Fannar (D:10)
  Erolcha (D:10)
  A two-headed ogre (D:9)
  A boulder beetle (Lair:3)
  A thrashing horror (Lair:5)
  12 death yaks
  Nergalle (D:10)
  An oklob plant (Lair:4)
  A salamander (Lair:2)
  10 elephants
  Maurice (D:10)
  A meliai (shapeshifter) (Lair:5)
  4 black mambas
  9 cane toads
  A torpor snail (Lair:4)
  3 rime drakes
  5 komodo dragons
  2 polar bears
  2 hornets
  17 blink frogs
  4 dream sheep (Lair:4)
  A vampire (D:9)
  Sigmund (D:2)
  A spriggan (Lair:5)
  3 wyverns
  2 basilisks
  25 yaks
  3 steam dragons
  4 vampire mosquitoes (D:10)
  3 nagas (Lair:2)
  10 water moccasins
  2 hell hounds (Lair:3)
  3 orc warriors
  A black bear (shapeshifter) (Lair:5)
  An ogre (D:4)
  A black bear (Lair:1)
  5 centaurs
  A phantom (D:6)
  9 bullfrogs
  2 gnoll sergeants
  A kobold brigand (D:6)
  A scorpion (D:6)
  4 small abominations (Lair:5)
  5 wights (D:8)
  10 killer bees
  An electric eel (Lair:2)
  A howler monkey (D:9)
  3 bombardier beetles
  3 hounds
  An orc priest (D:7)
  Jessica (D:2)
  3 iguanas
  4 hell rats (Lair:1)
  5 orc wizards
  Robin (D:3)
  9 gnolls
  4 river rats (Lair:1)
  3 adders
  4 shadow imps
  2 white imps
  4 ufetubi (D:6)
  3 ribbon worms
  29 orcs
  3 bats
  11 endoplasms
  2 giant cockroaches
  17 goblins
  7 hobgoblins
  4 jackals (D:1)
  A quokka (D:2)
  3 training dummies (D:10)
  3 ball pythons (D:1)
  A frilled lizard (D:3)
  7 kobolds
  6 rats
327 creatures vanquished.

Notes
Turn   | Place    | Note
-------+----------+-------------------------------------------
     0 | D:1      | DemonSlayer the Demonspawn Earth Elementalist began the
                  | quest for the Orb.
     0 | D:1      | Reached XP level 1. HP: 13/13 MP: 3/3
   101 | D:1      | Found Verigur's Jewellery Boutique.
   189 | D:1      | Gained mutation: Spells you cast may paralyse adjacent
                  | enemies. [demonic ancestry]
   189 | D:1      | Reached XP level 2. HP: 17/19 MP: 0/5
  1116 | D:2      | Noticed Jessica
  1119 | D:2      | Killed Jessica
  1120 | D:2      | Gained mutation: You have sharp fingernails. [demonic
                  | ancestry]
  1120 | D:2      | Reached XP level 3. HP: 25/25 MP: 4/7
  1351 | D:2      | Gained mutation: You are partially covered in rugged brown
                  | scales. (AC +1, +3% HP) [demonic ancestry]
  1351 | D:2      | Reached XP level 4. HP: 25/31 MP: 3/8
  1679 | D:2      | Noticed Sigmund
  1686 | D:2      | Learned a level 3 spell: Stone Arrow
  1688 | D:2      | Killed Sigmund
  1689 | D:2      | Gained mutation: You are mostly covered in rugged brown
                  | scales. (AC +2, +5% HP) [demonic ancestry]
  1689 | D:2      | Reached XP level 5. HP: 21/37 MP: 2/10
  1919 | D:2      | Found a runed translucent door.
  1920 | D:2      | Noticed Crazy Yiuf
  2203 | D:3      | Noticed Robin
  2328 | D:3      | Killed Robin
  2329 | D:3      | Reached XP level 6. HP: 43/44 MP: 5/12
  2525 | D:3      | Found a bloodstained altar of Trog.
  2782 | D:4      | Identified the +6 war axe "Ynerchaw" {holy, Str+8 Dex+4}
  2862 | D:4      | Found a sparkling altar of Nemelex Xobeh.
  2865 | D:4      | Identified the +3 dagger of Yesterday {pain, Will+ Str+6}
  3226 | D:4      | Learned a level 4 spell: Petrify
  3230 | D:4      | Learned a level 3 spell: Passwall
  3266 | D:5      | Entered Level 5 of the Dungeon
  3737 | D:5      | Reached skill level 5 in Earth Magic
  3737 | D:5      | Gained mutation: You are completely covered in rugged brown
                  | scales. (AC +3, +7% HP) [demonic ancestry]
  3737 | D:5      | Reached XP level 7. HP: 41/50 MP: 9/14
  3741 | D:5      | Reached skill level 1 in Short Blades
  4160 | D:5      | Learned a level 4 spell: Brom's Barrelling Boulder
  4211 | D:6      | Reached skill level 5 in Spellcasting
  4256 | D:6      | Found Idieru's Weapon Shoppe.
  5081 | D:6      | Reached XP level 8. HP: 46/56 MP: 10/16
  6224 | D:7      | Reached skill level 5 in Stealth
  6258 | D:7      | Found a hazy altar of Hepliaklqana.
  6259 | D:7      | Found a shadowy altar of Dithmenos.
  6269 | D:7      | Became a worshipper of Dithmenos the Shadowed
  6363 | D:7      | Found a staircase to the Ecumenical Temple.
  6459 | D:7      | Reached skill level 1 in Fighting
  6636 | D:7      | Found Soron's Distillery.
  6694 | D:7      | Bought a potion of cancellation for 96 gold pieces
  6694 | D:7      | Bought a potion of magic for 96 gold pieces
  6694 | D:7      | Bought a potion of curing for 36 gold pieces
  6694 | D:7      | Bought a potion of curing for 36 gold pieces
  7134 | D:8      | Reached XP level 9. HP: 63/63 MP: 9/19
  7405 | D:8      | Found a staircase to the Lair.
  7542 | D:8      | Reached * piety under Dithmenos
  7987 | D:8      | Learned a level 3 spell: Mephitic Cloud
  7991 | D:8      | Learned a level 3 spell: Swiftness
  8335 | D:9      | Noticed a two-headed ogre
  8360 | D:9      | Killed a two-headed ogre
  8361 | D:9      | Reached XP level 10. HP: 30/70 MP: 16/22
  8665 | D:9      | Noticed a +0 spear
  8665 | D:9      | Noticed a +0 dagger
  8666 | D:9      | Noticed a +0 short sword
  8666 | D:9      | Noticed a +0 short sword
  8667 | D:9      | Noticed a +0 falchion
  8667 | D:9      | Noticed a +0 spear
  8668 | D:9      | Noticed a +0 dagger
  8668 | D:9      | Noticed a +0 falchion
  8678 | D:9      | Found a hide-covered altar of Uskayaw.
  8828 | D:10     | Entered Level 10 of the Dungeon
  8828 | D:10     | Noticed Erolcha
  8828 | D:10     | Found Manuel's Assorted Antiques.
  8831 | Abyss:1  | Cast into level 1 of the Abyss (Erolcha)
  8857 | D:10     | Escaped the Abyss
  8864 | D:10     | Killed Erolcha
  8940 | D:9      | Reached ** piety under Dithmenos
  9095 | D:10     | Found Jeiwesye's Firing Range.
  9101 | D:10     | Bought a scroll labelled VUASETZYERO for 31 gold pieces
  9101 | D:10     | Bought a scroll of teleportation for 93 gold pieces
  9101 | D:10     | Bought a scroll labelled FYIKEOR KATEI for 31 gold pieces
  9130 | D:10     | Found Cog Fial's Antique Weapon Shoppe.
  9354 | D:10     | Found Zaqeeba's General Store.
  9410 | D:10     | Noticed Maurice
  9415 | D:10     | Maurice stole a throwing net
  9418 | D:10     | Killed Maurice
  9507 | D:10     | Bought a throwing net for 45 gold pieces
  9579 | D:10     | Noticed Nergalle
  9861 | D:10     | Killed Nergalle
  9862 | D:10     | Gained mutation: Your demonic aura sometimes causes spilled
                  | blood to erupt in flames. [demonic ancestry]
  9862 | D:10     | Reached XP level 11. HP: 34/77 MP: 6/24
  9997 | D:10     | Found Lyhev's Book Emporium.
 10165 | D:10     | Noticed Fannar
 10181 | D:10     | Killed Fannar
 10352 | D:10     | Found Soihace Etomm's Book Boutique.
 10438 | Lair:1   | Entered Level 1 of the Lair of Beasts
 11224 | Lair:1   | Found a runed translucent door.
 11224 | Lair:1   | Noticed Crambunxious's ghost (journeyman DrBe)
 11446 | Lair:2   | Found the +2 Maxwell's thermic engine {flame, freeze, rev}
 11453 | Lair:2   | Found a staircase to the Swamp.
 11518 | Lair:2   | Reached skill level 5 in Conjurations
 11657 | Lair:2   | Reached skill level 10 in Spellcasting
 11712 | Lair:2   | Reached *** piety under Dithmenos
 11716 | Lair:2   | Reached skill level 1 in Long Blades
 12099 | Lair:2   | Found a staircase to the Snake Pit.
 12455 | Lair:2   | You fall into a shaft and drop 1 floor!
 12455 | Lair:3   | Noticed a five-headed hydra
 12466 | Lair:3   | Killed a five-headed hydra
 12597 | Lair:3   | Reached skill level 10 in Stealth
 12597 | Lair:3   | Reached XP level 12. HP: 83/83 MP: 26/26
 13111 | Lair:3   | Noticed a death yak
 13113 | Lair:3   | Noticed a death yak
 13114 | Lair:3   | Noticed a death yak
 13144 | Lair:3   | Killed a death yak
 13321 | Lair:3   | Noticed a death yak
 13325 | Lair:3   | Noticed a death yak
 13345 | Lair:3   | Killed a death yak
 13458 | Lair:4   | Noticed a death yak
 13460 | Lair:4   | Noticed an eight-headed hydra
 13472 | Lair:4   | Killed an eight-headed hydra
 13473 | Lair:4   | Reached skill level 5 in Long Blades
 13484 | Lair:4   | Killed a death yak
 13698 | Lair:4   | Reached **** piety under Dithmenos
 14110 | Lair:4   | Reached skill level 10 in Earth Magic
 14114 | Lair:4   | Reached skill level 5 in Dodging
 14343 | Lair:4   | Gained mutation: You have very sharp fingernails. [demonic
                  | ancestry]
 14343 | Lair:4   | Reached XP level 13. HP: 93/93 MP: 17/27
 15380 | Lair:2   | Identified the staff "Leviticus" {rC- Str+6 Conj Fire}
 16652 | Lair:5   | Entered Level 5 of the Lair of Beasts
 16759 | Lair:5   | Found a staircase to the Slime Pits.
 16974 | Lair:5   | Noticed Urug
 16974 | Lair:5   | Slain by a komodo dragon

Illustrated notes

Levels and vault maps discovered:
D:1:      lightli_arrival_farm, layout_basic, serial_shops,
          nicolae_shop_crystal, nicolae_figureground_sparkle
D:2:      layout_basic, hex_large, uniq_crazy_yiuf_cottage, uniq_jessica,
          uniq_sigmund
D:3:      layout_rooms, mainiacjoe_overflow_catwalk_spiral, uniq_robin
D:4:      layout_basic, mainiacjoe_overflow_tiny_flanked
D:5:      layout_cave_pods
D:6:      layout_loops_ring, serial_shops, nicolae_lakefront_shop,
          serial_co_window_serial, co_window_paths_b,
          co_window_of_opportunity_a, co_window_corner_a, co_window_corner_a,
          co_window_corner_a, co_window_corner_a, co_window_corner_b,
          co_window_of_opportunity_b, co_window_corner_b,
          co_window_unsneaky_path_d, co_window_broadway_a, co_window_paths_c,
          co_window_paths_d, glass_columns_a, glass_columns_b, glass_columns_a,
          glass_columns_a
D:7:      layout_gridville, riverfiend_overflow_shadow_ancestor,
          minmay_temple_entry_slanted, serial_shops, shop
D:8:      layout_cave_pools, lair_entry_dummy
D:9:      layout_roguey, nicolae_uskayaw_en_pointe
D:10:     layout_long_grid, serial_shops, nicolae_stop_n_shop_1, shop, shop,
          nicolae_shop_back_alley_shop, nicolae_shop_behind_doors,
          nicolae_shop_firing_range, uniq_nergalle, uniq_maurice, uniq_erolcha,
          uniq_fannar
Lair:1:   layout_roguey, gammafunk_ghost_grave, kennysheep_abandoned_house
Lair:2:   layout_long_grid, swamp_mist_pool, alex1729_snake_entry_snake,
          serial_rivers, chequers_serial_rivers_micro_b,
          chequers_serial_rivers_room_a, chequers_serial_rivers_room_a,
          chequers_serial_rivers_small_3, chequers_serial_rivers_large_a
Lair:3:   layout_cave_shapes, enter_volcano_3, grunt_megastairs_4
Lair:4:   layout_roguey
Lair:5:   hellmonk_lair_end_abyssal_woods, layout_cave_pods, slime_entry_2,
          minivault_11, uniq_josephine, uniq_urug

Skill      XL: |  1  2  3  4  5  6  7  8  9 10 11 12 13 |
---------------+----------------------------------------+-----
Earth Magic    | 3 4 5 6 7 8 9 10 | 10.5
Stealth        | 2 3 4 5 7 8 10 11 | 11.5
Spellcasting   | 3 4 5 6 8 9 10 11 | 11.5
Dodging        | 2 3 4 5 |  5.6
Short Blades   | 1 2 3 |  3.0
Fighting       | 1 2 3 4 |  4.2
Conjurations   | 2 3 4 5 6 7 |  7.5
Long Blades    | 2 5 7 |  7.0
Evocations     | |  0.6

Action                     |  1- 3 |  4- 6 |  7- 9 | 10-12 | 13-15 || total
---------------------------+-------+-------+-------+-------+-------++-------
  Melee: Unarmed           |     1 |       |       |       |       ||     1
         Dagger            |    10 |    20 |    60 |    58 |       ||   148
         Double sword      |       |       |       |   107 |    62 ||   169
         Punch             |       |       |       |     2 |       ||     2
   Cast: Sandblast         |    41 |    47 |    87 |    12 |       ||   187
         Stone Arrow       |       |     3 |    43 |   197 |    87 ||   330
  Evoke: Wand              |       |       |       |     2 |     4 ||     6
    Use: Scroll            |       |       |    15 |     3 |     5 ||    23
         Potion            |       |       |     1 |     6 |     1 ||     8
   Stab: Paralysed         |     1 |     7 |    42 |    44 |    14 ||   108
         Sleeping          |       |     7 |    11 |    21 |       ||    39
 Armour: Robe              |    12 |    10 |    12 |       |       ||    34
         Steam dragon scal |       |       |    33 |   109 |    76 ||   218
  Dodge: Dodged            |    18 |    30 |   120 |   278 |   121 ||   567
